 Dungeon Crawl Stone Soup version 0.27-a0-887-gcab673c142 (webtiles) character file.

Game seed: 8368103721347535945

73 Zeld the Conjurer (level 4, -1/33 HPs)
             Began as a Human Conjurer on Apr 4, 2021.
             Killed by nerve-wracking pain
             ... invoked by Grinder
              (5 damage)
             ... on level 4 of the Dungeon.
             The game lasted 00:03:30 (3599 turns).

Zeld the Conjurer (Human Conjurer)                  Turns: 3599, Time: 00:03:30

Health: -1/33      AC:  6    Str:  7    XL:     4   Next: 51%
Magic:  1/8        EV: 12    Int: 20    God:
Gold:   112        SH:  0    Dex: 11    Spells: 5/8 levels left

rFire    . . .     SeeInvis .   (no weapon)
rCold    + . .     Faith    .   (no shield)
rNeg     . . .     Spirit   .   a - +1 robe
rPois    .         Reflect  .   e - +2 hat {Stlth+}
rElec    .         Harm     .   h - +0 cloak
rCorr    .         Rampage  .   (no gloves)
Will     .....                  (no boots)
Stlth    +++.......             (no amulet)
HPRegen  0.11/turn              c - ring of protection from cold
MPRegen  0.11/turn              (no ring)

@: no status effects
A: no striking features
a: no special abilities


You were on level 4 of the Dungeon.
You visited 1 branch of the dungeon, and saw 4 of its levels.

You collected 112 gold pieces.

Inventory:

Armour
 a - a +1 robe (worn)
 e - a +2 hat of stealth (worn)
 h - a +0 cloak (worn)
Jewellery
 c - a ring of protection from cold (left hand)
Scrolls
 b - a scroll of magic mapping
Potions
 d - a potion of ambrosia {unknown}
 f - a potion of haste {unknown}
 g - a potion of invisibility


   Skills:
 * Level 2.0 Fighting
 - Level 2.0 Dodging
 - Level 2.0 Stealth
 * Level 2.9 Spellcasting
 * Level 4.5 Conjurations


You had 5 spell levels left.
You knew the following spells:

 Your Spells              Type           Power      Damage    Failure   Level
a - Magic Dart            Conj           84%        1d7       2%          1
b - Searing Ray           Conj           42%        3d4       3%          2

Your spell library contained the following spells:

 Spells                   Type           Power      Damage    Failure   Level
 Beastly Appendage        Tmut           4%         N/A       14%         1
 Dazzling Flash           Conj/Hex       24%        N/A       17%         3
 Wereblood                Tmut           2%         N/A       22%         2
 Spider Form              Tmut/Pois      1%         N/A       41%         3
 Fulminant Prism          Conj/Hex       6%         3d7       50%         4
 Iskenderun's Mystic Bla  Conj/Tloc      12%        2d5       50%         4
 Ice Form                 Ice/Tmut       2%         N/A       82%         4
 Hydra Form               Tmut           1%         N/A       99%         5


Dungeon Overview and Level Annotations

Branches:
Dungeon (4/15)
 Temple: D:4-7

Altars:
Makhleb

Annotations:
D:4 Grinder


Message History

The searing ray hits Grinder!
Grinder is severely wounded. (Press . to maintain the ray.) Grinder says, "Don't move a muscle."
Grinder blinks!
Grinder gestures at you.
You suddenly lose the ability to move!
Grinder gestures at you.
You shrug off the repeated paralysis!
Grinder blinks!
Your magical contamination has completely faded away.
You can move again.
Unknown command.
There is a stone staircase leading up here.
Casting: Searing Ray (safe; 3% risk of failure)
Confirm with . or Enter, or press ? or * to list all spells.
Aiming: Searing Ray (safe; 3% risk of failure)
Press: ? - help, Shift-Dir - straight line, f/p - Grinder
Aim: Grinder (severely wounded, 25% to evade)
The searing ray misses Grinder. (Press . to maintain the ray.) Grinder hits you.
* * * LOW HITPOINT WARNING * * *
You writhe in agony.
* * * LOW HITPOINT WARNING * * *
The searing ray hits Grinder.
Grinder is severely wounded.
Grinder hits you.
* * * LOW HITPOINT WARNING * * *
Unknown command.
Okay, then.
Press: ? - help, v - describe, . - travel
Here: Grinder (severely wounded)
A stone staircase leading up.
Grinder gestures at you. You resist with significant effort.
Grinder says, "You look like you could use a good racking."
Grinder gestures at you. Pain shoots through your body!
You die...

########
#####......# #
#.......##.# .#
#.###.#.##.##.##..
#.# #@#...........
##.###.####<.......
#.......###.#...#.#
#..###..5...##.##
#..# ##.##### .#
#..## #.# # #...#
#.# +# #.#.# #.#
... ###.#.###.#
....


You could see Grinder.

Vanquished Creatures
  An orc wizard (D:3)
  2 adders (D:3)
  4 orcs (D:3)
  3 endoplasms
  2 goblins (D:3)
  2 hobgoblins
  A quokka (D:3)
  A ball python (D:3)
  4 bats (D:1)
  3 frilled lizards
  3 kobolds
  3 rats
29 creatures vanquished.

Notes
Turn   | Place    | Note
-------+----------+-------------------------------------------
     0 | D:1      | Zeld the Human Conjurer began the quest for the Orb.
     0 | D:1      | Reached XP level 1. HP: 13/13 MP: 3/3
  1131 | D:2      | Found a burning altar of Makhleb.
  1204 | D:2      | Reached XP level 2. HP: 20/20 MP: 0/5
  1207 | D:2      | Learned a level 2 spell: Searing Ray
  2248 | D:3      | Found a burning altar of Makhleb.
  2328 | D:3      | Reached skill level 1 in Fighting
  2330 | D:3      | Reached XP level 3. HP: 26/26 MP: 1/6
  2777 | D:3      | Reached XP level 4. HP: 32/32 MP: 4/8
  3550 | D:4      | Noticed Grinder
  3555 | D:4      | Paralysed by something for 5 turns
  3569 | D:4      | Paralysed by something for 7 turns
  3583 | D:4      | Paralysed by Grinder for 6 turns
  3599 | D:4      | Killed from afar by Grinder

Illustrated notes

Levels and vault maps discovered:
D:1:      wheals_arrival_linesprint, layout_basic, corner_web_ring,
          roderic_lattice_a, chequers_arboretum
D:2:      layout_basic, basic_altar
D:3:      layout_basic, bloody_makhleb
D:4:      layout_loops_corners, kennysheep_crisscross, kennysheep_small_square,
          uniq_grinder, uniq_blork_the_orc

Skill      XL: |  1  2  3  4 |
---------------+-------------+-----
Fighting       | 1 2 |  2.0
Dodging        | |  2.0
Stealth        | |  2.0
Spellcasting   | |  2.9
Conjurations   | |  4.5

Action                   |  1- 3 |  4- 6 || total
-------------------------+-------+-------++-------
 Cast: Magic Dart        |    32 |    14 ||    46
       Searing Ray       |     1 |     4 ||     5
  Use: Scroll            |     6 |       ||     6
Armor: Robe              |     6 |     4 ||    10
Dodge: Dodged            |    15 |     1 ||    16

Table legend: (Time is in decaauts)
 A = Elapsed time spent in this place.
 B = Non-inter-level travel time spent in this place.
 C = Inter-level travel time spent in this place.
 D = Time resting spent in this place.
 E = Time spent auto-exploring this place.
 F = Levels seen in this place.
 G = Mean time per level.
                   A        B        C        D        E       F      G
               +--------+--------+--------+--------+--------+-----+--------+
         Total |   3597 |   3404 |    193 |    667 |   2510 |   4 |  899.2 |
       Dungeon |   3597 |   3404 |    193 |    667 |   2510 |   4 |  899.2 |
               +--------+--------+--------+--------+--------+-----+--------+

Top non-repeatable levels by time:
     D:3: 1737 daAuts
     D:1: 1001 daAuts
     D:2: 773 daAuts
     D:4: 84 daAuts
